 Dungeon Crawl Stone Soup version 0.28-a0-1513-ge4f4046303 (webtiles) character file.

Game seed: 5036872326754737979

452 Gargoyl the Skirmisher (level 7, 0/59 HPs)
             Began as a Gnoll Abyssal Knight on Jan 16, 2022.
             Was a Believer of Lugonu.
             Killed from afar by Dowan (10 damage)
             ... with a stone arrow
             ... on level 4 of the Dungeon.
             The game lasted 00:05:52 (3264 turns).

Gargoyl the Skirmisher (Gnoll Abyssal Knight)       Turns: 3264, Time: 00:05:53

Health: 0/59       AC:  8    Str: 14    XL:     7   Next: 4%
Magic:  10/10      EV: 12    Int: 19    God:    Lugonu [**....]
Gold:   72         SH:  0    Dex: 19    Spells: 10/10 levels left

rFire   + . .      SeeInvis .   n - +6 quarterstaff of Tenacity {vamp, rF+ Int+4}
rCold   . . .      Faith    .   (shield currently unavailable)
rNeg    . . .      Spirit   .   q - +0 ring mail
rPois   .          Reflect  .   g - +0 helmet
rElec   .          Harm     .   (no cloak)
rCorr   .          Rampage  .   l - +0 pair of gloves
Will    .....                   (no boots)
Stlth   +.........              (no amulet)
HPRegen 0.19/turn               d - +6 ring of intelligence
MPRegen 0.12/turn               f - +6 ring of dexterity

@: lit by a corona, glowing
A: fangs 1, strong nose, distributed training
a: Renounce Religion, Depart the Abyss, Bend Space


You were on level 4 of the Dungeon.
You worshipped Lugonu.
Lugonu was pleased with you.
You visited 1 branch of the dungeon, and saw 4 of its levels.
You visited the Abyss 1 time.

You collected 212 gold pieces.
You spent 140 gold pieces at shops.

Inventory:

Hand Weapons
 a - a +1 hand axe
 n - the +6 quarterstaff of Tenacity (weapon) {vamp, rF+ Int+4}
   (You found it on level 2 of the Dungeon)

   It occasionally heals its wielder for a portion of the damage dealt when it
   wounds a living foe.
   Int:       It affects your intelligence (+4).
   rF:        It protects you from fire.
Missiles
 h - 3 javelins (quivered)
Armour
 g - a +0 helmet (worn)
 l - a +0 pair of gloves (worn)
 q - a +0 ring mail (worn)
Jewellery
 d - a +6 ring of intelligence (left hand)
 f - a +6 ring of dexterity (right hand)
Scrolls
 p - a scroll of identify
 r - a scroll of enchant weapon {unknown}
Potions
 b - a potion of degeneration {unknown}
 c - a potion of brilliance
 e - 2 potions of attraction {unknown}
 i - a potion of mutation {unknown}
 j - 3 potions of heal wounds
 k - a potion of ambrosia {unknown}
 m - 2 potions of curing {unknown}
 o - a potion of flight {unknown}


   Skills:
 + Level 6.9 Fighting
 + Level 2.2 Short Blades
 + Level 2.2 Long Blades
 + Level 5.1 Axes
 + Level 2.2 Maces & Flails
 + Level 2.2 Polearms
 + Level 2.2 Staves
 + Level 2.2 Slings
 + Level 2.2 Bows
 + Level 2.2 Crossbows
 + Level 2.2 Throwing
 + Level 5.1 Armour
 + Level 3.4 Dodging
 + Level 2.2 Stealth
 + Level 2.2 Shields
 + Level 2.2 Unarmed Combat
 + Level 2.2 Spellcasting
 + Level 1.8 Conjurations
 + Level 1.8 Hexes
 + Level 1.8 Summonings
 + Level 1.8 Necromancy
 + Level 1.8 Translocations
 + Level 1.8 Transmutations
 + Level 1.8 Fire Magic
 + Level 1.8 Ice Magic
 + Level 1.8 Air Magic
 + Level 1.8 Earth Magic
 + Level 1.8 Poison Magic
 + Level 5.2 Invocations
 + Level 2.2 Evocations


You had 10 spell levels left.
You didn't know any spells.
Your spell library contained the following spells:

 Spells                   Type           Power      Damage    Failure   Level
 Blink                    Tloc           16%        N/A       22%         2
 Ensorcelled Hibernation  Hex/Ice        16%        N/A       22%         2
 Spider Form              Tmut/Pois      8%         N/A       41%         3
 Anguish                  Hex/Necr       4%         N/A       83%         4
 Manifold Assault         Tloc           8%         N/A       99%         5
 Storm Form               Tmut/Air       4%         N/A       100%        7


Dungeon Overview and Level Annotations

Branches:
Dungeon (4/15)
 Temple: D:4-7

Altars:
Gozag
Qazlal

Shops:
D:3 !

Annotations:
D:4 Dowan


Innate Abilities, Weirdness & Mutations

You have very sharp teeth.
Your uncanny sense of smell can sniff out nearby items.
Your experience applies equally to all skills.


Message History

Duvessa hits you with a +0 short sword! Duvessa hits you with a +0 short sword.
You closely miss Duvessa.
Duvessa is severely wounded.
Duvessa hits you but does no damage. Duvessa hits you with a +0 short sword!
You hit Duvessa but do no damage.
Duvessa is severely wounded.
Duvessa hits you with a +0 short sword. Duvessa closely misses you.
You completely miss Duvessa.
Duvessa is severely wounded.
Duvessa hits you but does no damage. Duvessa hits you with a +0 short sword.
You hit Duvessa.
You feel better.
Duvessa is severely wounded.
Duvessa hits you with a +0 short sword.
You sock Duvessa!
You kill Duvessa!
Lugonu accepts your kill.
Dowan screams, "No!
No!"
Dowan seems to find hidden reserves of power!
Dowan hits you but does no damage.
You have reached level 7!
You closely miss Dowan. You bite Dowan.
Dowan is lightly wounded.
Dowan barely misses you.
You hit Dowan.
You feel better.
Dowan is moderately wounded.
Dowan hits you with a +0 dagger.
* * * LOW HITPOINT WARNING * * *
Dowan hits you with a +0 dagger.
* * * LOW HITPOINT WARNING * * *
You thump Dowan!
Dowan is heavily wounded.
Dowan hits you with a +0 dagger.
* * * LOW HITPOINT WARNING * * *
Dowan hits you with a +0 dagger.
* * * LOW HITPOINT WARNING * * *
You closely miss Dowan.
Dowan is heavily wounded.
Dowan casts a spell at you. The stone arrow hits you!
You die...

##.....#####..##.#.#)##
#.. ...#.+ #.#######)##
#... #.#.###.# #.## #...
#...#...# #.....
#....##.....## #....8.8
##....#..##...#.........
..........##......#.....
......#..######.###.#...
....! #@...# ........##
......e#.#.# ...##...#
.......###... #..###.#.
....... $..###..#..##
....... ..........)#
....... ..........))
.....$. .#.##...)
.....#. ###.. ###..


You could see Dowan (fast).

Vanquished Creatures
  Duvessa (D:4)
  A jelly (D:4)
  2 hounds
  An orc priest (D:3)
  An iguana (D:4)
  3 adders
  8 gnolls
  An adder skeleton (D:4)
  2 worms
  5 dart slugs
  6 orcs
  11 endoplasms
  6 giant cockroaches
  5 goblins
  7 hobgoblins
  3 quokkas
  8 ball pythons
  6 bats
  2 frilled lizards (D:2)
  6 kobolds
  3 rats
88 creatures vanquished.

Notes
Turn   | Place    | Note
-------+----------+-------------------------------------------
     0 | Abyss:1  | Gargoyl the Gnoll Abyssal Knight began the quest for the
                  | Orb.
     0 | Abyss:1  | Reached XP level 1. HP: 23/23 MP: 3/3
     0 | D:1      | Escaped the Abyss
   103 | D:1      | Reached * piety under Lugonu
   257 | D:1      | Found a faded altar of an unknown god.
   268 | D:1      | Reached XP level 2. HP: 5/29 MP: 5/5
  1415 | D:2      | Reached XP level 3. HP: 35/35 MP: 6/6
  1524 | D:2      | Found an opulent altar of Gozag.
  1580 | D:2      | Reached skill level 1 in Short Blades
  1580 | D:2      | Reached skill level 1 in Long Blades
  1580 | D:2      | Reached skill level 1 in Maces & Flails
  1580 | D:2      | Reached skill level 1 in Polearms
  1580 | D:2      | Reached skill level 1 in Staves
  1580 | D:2      | Reached skill level 1 in Slings
  1580 | D:2      | Reached skill level 1 in Bows
  1580 | D:2      | Reached skill level 1 in Crossbows
  1580 | D:2      | Reached skill level 1 in Throwing
  1580 | D:2      | Reached skill level 1 in Stealth
  1580 | D:2      | Reached skill level 1 in Shields
  1580 | D:2      | Reached skill level 1 in Unarmed Combat
  1580 | D:2      | Reached skill level 1 in Spellcasting
  1580 | D:2      | Reached skill level 1 in Evocations
  1605 | D:2      | Identified the +6 quarterstaff of Tenacity {vamp, rF+
                  | Int+4}
  1610 | D:2      | Reached XP level 4. HP: 28/41 MP: 7/7
  1743 | D:2      | Reached ** piety under Lugonu
  2173 | D:3      | Reached skill level 1 in Conjurations
  2173 | D:3      | Reached skill level 1 in Hexes
  2173 | D:3      | Reached skill level 1 in Summonings
  2173 | D:3      | Reached skill level 1 in Necromancy
  2173 | D:3      | Reached skill level 1 in Translocations
  2173 | D:3      | Reached skill level 1 in Transmutations
  2173 | D:3      | Reached skill level 1 in Fire Magic
  2173 | D:3      | Reached skill level 1 in Ice Magic
  2173 | D:3      | Reached skill level 1 in Air Magic
  2173 | D:3      | Reached skill level 1 in Earth Magic
  2173 | D:3      | Reached skill level 1 in Poison Magic
  2174 | D:3      | Reached XP level 5. HP: 41/47 MP: 8/8
  2658 | D:3      | Reached skill level 5 in Invocations
  2662 | D:3      | Reached XP level 6. HP: 48/53 MP: 9/9
  2739 | D:3      | Found Nosom's Distillery.
  2747 | D:3      | Bought a potion of heal wounds for 70 gold pieces
  2747 | D:3      | Bought a potion of heal wounds for 70 gold pieces
  2891 | D:3      | Found a stormy altar of Qazlal.
  3128 | D:4      | Reached skill level 5 in Axes
  3128 | D:4      | Reached skill level 5 in Armour
  3243 | D:4      | Noticed Duvessa
  3247 | D:4      | Noticed Dowan
  3260 | D:4      | Killed Duvessa
  3261 | D:4      | Reached XP level 7. HP: 18/59 MP: 10/10
  3264 | D:4      | Killed from afar by Dowan

Illustrated notes

Levels and vault maps discovered:
D:1:      scummos_arrival_gate, layout_basic, ebering_ecumenical_altar_mist
D:2:      layout_basic, basic_altar, minmay_vboxes
D:3:      layout_rooms, mainiacjoe_overflow_alcove_1, serial_shops,
          nicolae_shop_stone, corexii_corridor_pit
D:4:      layout_cave_pools, kennysheep_mini, serial_column_ruins,
          column_ruins_hut_ruined, column_ruins_columns_dead_end,
          column_ruins_corridor_straight, column_ruins_columns_corner,
          column_ruins_columns_corner, column_ruins_open_tiny,
          column_ruins_open_tiny, uniq_edmund, uniq_duvessa,
          uniq_crazy_yiuf_cottage

Skill      XL: |  1  2  3  4  5  6 |
---------------+-------------------+-----
Short Blades   | 1 2 |  2.2
Long Blades    | 1 2 |  2.2
Maces & Flails | 1 2 |  2.2
Polearms       | 1 2 |  2.2
Staves         | 1 2 |  2.2
Slings         | 1 2 |  2.2
Bows           | 1 2 |  2.2
Crossbows      | 1 2 |  2.2
Throwing       | 1 2 |  2.2
Stealth        | 1 2 |  2.2
Shields        | 1 2 |  2.2
Unarmed Combat | 1 2 |  2.2
Spellcasting   | 1 2 |  2.2
Evocations     | 1 2 |  2.2
Conjurations   | 1 |  1.8
Hexes          | 1 |  1.8
Summonings     | 1 |  1.8
Necromancy     | 1 |  1.8
Translocations | 1 |  1.8
Transmutations | 1 |  1.8
Fire Magic     | 1 |  1.8
Ice Magic      | 1 |  1.8
Air Magic      | 1 |  1.8
Earth Magic    | 1 |  1.8
Poison Magic   | 1 |  1.8
Dodging        | 3 |  3.4
Invocations    | 5 |  5.2
Axes           | 5 |  5.1
Armour         | 5 |  5.1
Fighting       | |  6.9

Action                   |  1- 3 |  4- 6 |  7- 9 || total
-------------------------+-------+-------+-------++-------
Melee: Hand axe          |    82 |       |       ||    82
       Bite              |     4 |    10 |     1 ||    15
       Punch             |     1 |       |       ||     1
       Quarterstaff      |     1 |   114 |     4 ||   119
Invok: Depart the Abyss  |     1 |       |       ||     1
  Use: Scroll            |       |     4 |       ||     4
 Stab: Sleeping          |     1 |     2 |       ||     3
Armor: Leather armour    |    34 |     3 |       ||    37
       Ring mail         |       |    60 |       ||    60
Dodge: Dodged            |    57 |    84 |     1 ||   142

Table legend: (Time is in decaauts)
 A = Elapsed time spent in this place.
 B = Non-inter-level travel time spent in this place.
 C = Inter-level travel time spent in this place.
 D = Time resting spent in this place.
 E = Time spent auto-exploring this place.
 F = Levels seen in this place.
 G = Mean time per level.
                   A        B        C        D        E       F      G
               +--------+--------+--------+--------+--------+-----+--------+
         Total |   3296 |   3199 |     97 |    219 |   2225 |   5 |  659.2 |
       Dungeon |   3296 |   3199 |     97 |    219 |   2225 |   4 |  824.0 |
         Abyss |      0 |      0 |      0 |      0 |      0 |   1 |    0.0 |
               +--------+--------+--------+--------+--------+-----+--------+

Top non-repeatable levels by time:
     D:1: 1416 daAuts
     D:2: 741 daAuts
     D:3: 671 daAuts
     D:4: 467 daAuts
